 Dungeon Crawl Stone Soup version 0.26.1-11-gd32895ea62 (webtiles) character file.

Game seed: 13801629431669450320

552951 raph the Lord of Darkness (level 27, -6/214 HPs)
             Began as a Human Necromancer on May 2, 2021.
             Was the Champion of Kikubaaqudgha.
             Mangled by a tentacled starspawn (15 damage)
             ... on level 5 of the Abyss on May 4, 2021.
             The game lasted 05:41:42 (111509 turns).

raph the Lord of Darkness (Human Necromancer)     Turns: 111509, Time: 05:41:42

Health: -6/214     AC: 29    Str: 10    XL:     27
Magic:  28/41      EV: 26    Int: 28    God:    Kikubaaqudgha [******]
Gold:   4927       SH:  9    Dex: 19    Spells: 1/54 levels left

rFire    + . .     SeeInvis +   a - +7 rapier (pain)
rCold    . . .     Faith    .   G - +3 buckler {rN+}
rNeg     + + .     Spirit   .   Y - +9 Cigotuvi's embrace {rMiasma *Drain rN+}
rPois    +         Reflect  .   B - +3 helmet "Cokoj" {SInv}
rElec    +         Harm     .   I - +2 cloak {rCorr}
rCorr    +         Rampage  +   E - +3 pair of gloves "Doest" {rElec rPois}
Will     +++..                  K - +2 pair of boots of Juowor {rampage, Str+3 Dex+3}
Stlth    ++++++....             i - amulet of the Dancing Ancients {Regen+ Int+2}
HPRegen  0.45/turn              s - +6 ring of intelligence
MPRegen  0.27/turn              u - ring of Leuriar {+Fly rF+ Will+ Stlth+}

@: mighty, about to teleport
A: [dopey 2], [weak 2], [subdued magic 2]
}: 1/15 runes: decaying
a: Renounce Religion, Evoke Flight, Receive Corpses, Torment


You were on level 5 of the Abyss.
You worshipped Kikubaaqudgha.
Kikubaaqudgha was exalted by your worship.
You visited 9 branches of the dungeon, and saw 44 of its levels.
You visited the Abyss 2 times.
You also visited: Bailey and Ice Cave.

You collected 7158 gold pieces.
You spent 2231 gold pieces at shops.

Inventory:

Hand Weapons
 a - a +7 rapier of pain (weapon)
 w - a +5 quick blade
Armour
 B - the +3 helmet "Cokoj" (worn) {SInv}
   (You found it on level 3 of the Elven Halls)

   It lets you see invisible.
 E - the +3 pair of gloves "Doest" (worn) {rElec rPois}
   (You found it on level 10 of the Dungeon)

   It insulates you from electricity.
   It protects you from poison.
 G - a +3 buckler of positive energy (worn)
 I - a +2 cloak of preservation (worn)
 K - the +2 pair of boots of Juowor (worn) {rampage, Str+3 Dex+3}
   (You found it on level 1 of the Spider Nest)

   It affects your strength (+3).
   It affects your dexterity (+3).
 Y - the +9 Cigotuvi's embrace (worn) {rMiasma *Drain rN+}
   (You found it on level 11 of the Dungeon)

   It protects you from negative energy.
   It causes draining when unequipped.
Magical Staves
 b - an uncursed staff of earth
Jewellery
 i - the amulet of the Dancing Ancients (around neck) {Regen+ Int+2}
   (You found it on level 2 of the Vaults)

   [amulet of regeneration]

   It affects your intelligence (+2).
   It increases your rate of regeneration.
 k - a +6 ring of dexterity
 s - a +6 ring of intelligence (left hand)
 u - the ring of Leuriar (right hand) {+Fly rF+ Will+ Stlth+}
   (You found it on level 4 of the Vaults)

   [ring of flight]

   It protects you from fire.
   It affects your willpower, your defense against some magical effects.
   It lets you fly.
   It makes you more stealthy.
 S - an uncursed amulet of reflection
Wands
 v - a wand of iceblast (26)
 x - a wand of flame (100)
 C - a wand of disintegration (21)
 J - a wand of acid (5)
 N - a wand of paralysis (18)
 W - a wand of digging (11)
Scrolls
 c - 16 scrolls of teleportation
 d - 29 scrolls of remove curse
 f - 8 scrolls of fog
 h - a scroll of summoning
 o - 3 scrolls of silence
 p - 5 scrolls of magic mapping
 O - 12 scrolls of fear
 Q - 4 scrolls of amnesia
 U - 5 scrolls of blinking
 V - 18 scrolls of identify
 Z - 2 scrolls of holy word
Potions
 e - 3 potions of berserk rage
 g - a potion of invisibility
 m - 4 potions of cancellation
 n - 16 potions of curing
 r - 3 potions of magic
 z - 3 potions of brilliance
 A - 3 potions of heal wounds
 F - a potion of might
 L - 4 potions of resistance
 P - 2 potions of mutation
 R - 4 potions of haste
Miscellaneous
 l - a phial of floods
 q - a lightning rod (3/4)
 M - a phantom mirror
 T - a condenser vane
 X - a box of beasts


   Skills:
 - Level 17.1 Fighting
 - Level 14.0 Short Blades
 - Level 9.5 Armour
 - Level 17.3 Dodging
 - Level 11.6 Stealth
 - Level 4.0 Shields
 - Level 14.0 Spellcasting
 - Level 8.7 Conjurations
 - Level 3.6 Hexes
 - Level 20.2 Necromancy
 + Level 20.1 Earth Magic
 - Level 9.9 Evocations


You had one spell level left.
You knew the following spells:

 Your Spells              Type           Power        Failure   Level
a - Pain                  Necr           100%         0%          1
b - Iron Shot             Conj/Erth      29%          1%          6
c - Vampiric Draining     Necr           35%          0%          3
d - Death Channel         Necr           35%          1%          6
e - Blink                 Tloc           N/A          2%          2
f - Agony                 Necr           70%          0%          5
g - Dazzling Flash        Conj/Hex       68%          1%          3
h - Borgnjor's Vile Clut  Necr/Erth      35%          0%          5
i - Dispel Undead         Necr           70%          0%          4
j - Passwall              Tmut/Erth      39%          1%          2
k - Sublimation of Blood  Necr           35%          0%          2
l - Lee's Rapid Deconstr  Erth           35%          0%          5
m - Shatter               Erth           35%          56%         9

Your spell library contained the following spells:

 Spells                   Type           Power        Failure   Level
 Animate Skeleton         Necr           100%         0%          1
 Corona                   Hex            27%          1%          1
 Foxfire                  Conj/Fire      100%         1%          1
 Magic Dart               Conj           100%         1%          1
 Sting                    Tmut/Pois      48%          1%          1
 Animate Dead             Necr           35%          0%          4
 Excruciating Wounds      Necr           35%          0%          5
 Corpse Rot               Necr/Air       N/A          1%          2
 Ensorcelled Hibernation  Hex/Ice        36%          1%          2
 Slow                     Hex            25%          1%          2
 Confusing Touch          Hex            25%          1%          3
 Conjure Flame            Conj/Fire      27%          1%          3
 Mephitic Cloud           Conj/Pois/Air  22%          1%          3
 Static Discharge         Conj/Air       27%          1%          3
 Tukima's Dance           Hex            25%          1%          3
 Leda's Liquefaction      Hex/Erth       26%          1%          4
 Petrify                  Tmut/Erth      47%          1%          4
 Bolt of Magma            Conj/Fire/Erth 22%          1%          5
 Iskenderun's Battlesphe  Conj           42%          1%          5
 Call Imp                 Summ           12%          2%          2
 Poisonous Vapours        Pois/Air       24%          2%          2
 Inner Flame              Hex/Fire       18%          2%          3
 Portal Projectile        Hex/Tloc       36%          2%          3
 Iskenderun's Mystic Bla  Conj/Tloc      27%          3%          4
 Sticky Flame             Conj/Fire      27%          3%          4
 Cause Fear               Hex            12%          4%          4
 Simulacrum               Ice/Necr       23%          5%          6
 Call Canine Familiar     Summ           12%          6%          3
 Gell's Gravitas          Tloc           6%           6%          3
 Ignite Poison            Fire/Tmut/Pois 12%          6%          3
 Fireball                 Conj/Fire      13%          11%         5
 Irradiate                Conj/Tmut      13%          11%         5
 Lightning Bolt           Conj/Air       13%          11%         5
 Ice Form                 Ice/Tmut       12%          24%         4
 Passage of Golubria      Tloc           N/A          24%         4
 Summon Lightning Spire   Summ/Air       12%          24%         4
 Metabolic Englaciation   Hex/Ice        9%           32%         5
 Silence                  Hex/Air        9%           32%         5
 Yara's Violent Unravell  Hex/Tmut       9%           32%         5
 Orb of Destruction       Conj           21%          52%         7
 Alistair's Intoxication  Tmut/Pois      8%           58%         5
 Freezing Cloud           Conj/Ice/Air   11%          77%         6
 Dispersal                Tloc           6%           99%         6
 Eringya's Noxious Bog    Tmut/Pois      6%           99%         6
 Ozocubu's Refrigeration  Ice            6%           99%         6
 Spellforged Servitor     Conj/Summ      13%          99%         7
 Dragon Form              Tmut           6%           100%        7
 Malign Gateway           Summ/Tloc      6%           100%        7
 Monstrous Menagerie      Summ           6%           100%        7
 Summon Greater Demon     Summ           6%           100%        7
 Discord                  Hex            12%          100%        8
 Disjunction              Tloc           6%           100%        8
 Ignition                 Fire           6%           100%        8
 Summon Horrible Things   Summ           6%           100%        8
 Tornado                  Air            6%           100%        9


Dungeon Overview and Level Annotations

Branches:
Dungeon (15/15)            Temple (1/1) D:5            Lair (6/6) D:11
  Swamp (4/4) Lair:2       Spider (3/4) Lair:3        Slime (0/5) Lair:6
    Orc (2/2) D:10            Elf (3/3) Orc:2        Vaults (5/5) D:13
  Crypt (0/3) Vaults:2     Depths (5/5) D:15            Zot (0/5) Depths:5
 Bailey (visited)           IceCv (visited)

Altars:
Ashenzari
Cheibriados
Dithmenos
Elyvilon
Fedhas
Gozag
Hepliaklqana
Kikubaaqudgha
Makhleb
Nemelex Xobeh
Okawaru
Qazlal
Ru
Sif Muna
Trog
Uskayaw
Vehumet
Wu Jian
Xom
Yredelemnul
Zin
The Shining One
Jiyva

Shops:
Orc:2 }(???   Vaults:1 !   Vaults:3 [   Depths:2 *   Depths:4 (

Portals:
Hell: Depths:2 Depths:3 Depths:4 Depths:5
Abyss: Depths:3 Depths:4
Pandemonium: Depths:1 Depths:2 Depths:3 Depths:4
Ziggurat: Depths:4

Annotations:
Lair:3 exclusion: 2 oklob plants
Vaults:1 exclusion: orange crystal statue
Vaults:2 exclusion: orange crystal statue
Depths:1 1 exclusion, Mara
Depths:2 exclusion: orange crystal statue


Innate Abilities, Weirdness & Mutations

[You are very dopey. (Int -4)]
[You are very weak. (Str -4)]
[Your spells are easier to cast, but less powerful.]


Message History

You hear a bellow!
The thrashing horror roars!
The wretched star pulses with an eldritch light!
Your connection to magic feels subdued.
Your connection to magic feels more subdued.
The flying skull closely misses you.
The starcursed mass shrieks in your mind.
* * * LOW HITPOINT WARNING * * *
A spatial vortex comes into view.
You block the tentacled starspawn's attack.
The tentacled starspawn closely misses you.
Casting: Iron Shot (mildly dangerous; 1% risk of failure)
Confirm with . or Enter, or press ? or * to list all spells.
Okay, then.
The flying skull completely misses you.
The starcursed mass shrieks in your mind.
* * * LOW HITPOINT WARNING * * *
The flying skull hits you but does no damage.
The tentacled starspawn bites you!
You die...
Kikubaaqudgha rasps: "You have failed me!
Welcome... death!"

# .# .# v
#.# #
###§.##§#
#@zw...# .
##XX.#.#..
Xw#X..#
#.*X#..#§
#.#Xv.###
. #.# ..#.
. # # #.#
#.. # # .


You could see a starcursed mass, a tentacled starspawn, a wretched star, a
spatial vortex, 4 thrashing horrors, 2 starspawn tentacles and a flying skull.

Vanquished Creatures
  2 ancient liches
  A juggernaut (Depths:5)
  The ghost of Mayja the Impregnable, a veteran DDBe of Trog (Elf:1)
  Sojobo (Depths:4)
  3 caustic shrikes
  Jory (Vaults:3)
  3 bone dragons
  5 liches
  Jorgrun (D:12)
  14 tentacled monstrosities
  Rupert (Lair:4)
  Asterion (Spider:3)
  The ghost of Uproi the Severer, an adept NaFi of Cheibriados (Swamp:2)
  4 deep elf blademasters
  3 titans
  5 sphinxes
  A sphinx (shapeshifter) (Vaults:4)
  Agnes (Elf:2)
  3 deep elf master archers (Elf:3)
  Kirke (Lair:5)
  An Executioner (Abyss:5)
  3 tentacled starspawn
  2 thorn hunters (Swamp:4)
  5 shadow dragons
  3 storm dragons
  A fenstrider witch (Swamp:4)
  Donald (Swamp:4)
  8 fire giants
  9 tengu reavers
  2 emperor scorpions (Spider:2)
  13 frost giants
  5 iron dragons
  7 deep elf sorcerers
  11 vault wardens
  A cacodemon (Abyss:2)
  A juggernaut zombie (Depths:5)
  2 ghost moths (Spider:2)
  A curse skull (Vaults:2)
  4 spriggan defenders
  A ghost moth (shapeshifter) (Elf:1)
  4 deep elf elementalists
  11 ironheart preservers
  3 draconian annihilators (Depths:5)
  A caustic shrike skeleton (Depths:5)
  A stone giant (shapeshifter) (Elf:1)
  13 very ugly things
  22 stone giants
  A war gargoyle (Vaults:4)
  6 vampire knights
  7 deep elf demonologists
  A dire elephant (Lair:3)
  4 entropy weavers
  8 deep elf annihilators
  5 spark wasps
  3 bunyips
  The ghost of Gonodgh the Peltast, a journeyman MiFi of Cheibriados (D:13)
  9 starcursed masses
  The ghost of diana the Fighter, a journeyman DsGl of Gozag (Orc:2)
  2 deep elf death magi
  3 eleionomae
  12 ettins
  A green death (Abyss:5)
  18 fire dragons
  An eleionoma (shapeshifter) (Elf:1)
  A merfolk impaler (Depths:4)
  14 yaktaur captains
  5 deep elf high priests
  31 vault guards
  25 hydras
  9 great orbs of eyes
  14 ice dragons
  4 spriggan air magi
  A naga warrior (Abyss:3)
  7 boulder beetles
  7 rakshasas
  3 ghost crabs
  6 centaur warriors
  2 catoblepae (Lair:5)
  2 death knights
  Erica (Lair:2)
  8 ogre magi
  5 deep troll shamans
  11 alligators
  A two-headed ogre (shapeshifter) (Elf:1)
  22 two-headed ogres
  3 tengu warriors
  3 vampire magi
  2 thrashing horrors (Abyss:3)
  25 dancing weapons
  14 death yaks
  15 deep troll earth magi
  4 orc high priests (Orc:2)
  8 spriggan berserkers
  20 deep elf knights
  Nergalle (Lair:2)
  5 hell knights
  2 wretched stars
  A fire crab (shapeshifter) (Depths:5)
  8 skeletal warriors
  An iron troll (Depths:3)
  2 sixfirhies
  3 goliath frogs
  3 shadow wraiths
  A spatial maelstrom (Abyss:5)
  A salamander mystic (Depths:1)
  17 deep elf archers
  A shadow demon (Depths:4)
  2 spriggan druids (Swamp:2)
  6 glowing orange brains
  An infernal demonspawn (Depths:4)
  5 flayed ghosts
  9 harpies
  2 unseen horrors
  16 deep trolls
  11 bog bodies
  11 swamp dragons
  14 ironbrand convokers
  7 wizards
  A golden dragon skeleton (Depths:3)
  9 phantasmal warriors
  27 orc knights
  9 orb spiders
  2 necromancers
  A faun (shapeshifter) (Depths:5)
  77 deep elf magi
  4 oklob plants
  14 wolf spiders
  6 cyclopes
  2 manticores
  42 ugly things
  7 will-o-the-wisps
  2 salamanders (Depths:1)
  A manticore (shapeshifter) (Depths:5)
  5 orc sorcerers
  12 vault sentinels
  An apocalypse crab (Abyss:5)
  A guardian serpent (Abyss:3)
  29 elephants
  A smoke demon (Abyss:5)
  4 black mambas
  3 black mambas (shapeshifter)
  3 moths of wrath
  9 torpor snails
  Joseph (D:8)
  A rust devil (Abyss:3)
  A fire giant skeleton (Depths:3)
  2 gargoyles
  16 cane toads
  2 rime drakes
  4 orange demons
  A freezing wraith (D:15)
  7 komodo dragons
  47 yaktaurs
  3 demonic crawlers (Spider:1)
  3 kobold demonologists
  An ice devil (Abyss:1)
  An efreet (D:13)
  A spark wasp simulacrum (Depths:3)
  A hellwing (Abyss:5)
  3 tengu conjurers
  A jumping spider (shapeshifter) (Depths:5)
  12 trolls
  A red devil (Depths:4)
  A meliai (shapeshifter) (Vaults:4)
  9 polar bears
  A merfolk (shapeshifter) (Depths:4)
  20 jumping spiders
  9 tyrant leeches
  21 hornets
  17 blink frogs
  A raiju (shapeshifter) (Elf:1)
  26 slime creatures
  A frost giant simulacrum (Vaults:2)
  2 raiju (Abyss:1)
  11 dream sheep
  9 large abominations
  2 air elementals
  A yak (shapeshifter) (Depths:1)
  4 flying skulls (Abyss:1)
  2 ynoxinuls
  Sigmund (D:3)
  40 redbacks
  A redback (shapeshifter) (Depths:3)
  19 spriggans
  A vampire (D:8)
  4 wyverns
  60 yaks
  20 tarantellas
  A tarantella (shapeshifter) (D:12)
  2 shadows (D:15)
  A basilisk (Lair:1)
  6 water elementals
  5 wraiths
  2 fire bats (Abyss:3)
  3 hogs (Lair:5)
  17 humans (D:13)
  5 fire elementals
  19 vampire mosquitoes
  13 wargs
  2 neqoxecs
  9 swamp worms
  3 nagas (Abyss:3)
  6 small abominations
  Edmund (D:5)
  A naga (shapeshifter) (Depths:5)
  10 water moccasins
  An acid dragon (Vaults:1)
  4 floating eyes
  Duvessa (D:5)
  A soldier ant (D:11)
  46 orc warriors
  An eye of draining (Abyss:3)
  5 black bears
  7 sky beasts
  8 swamp drakes
  A wolf (shapeshifter) (Vaults:4)
  20 ogres
  4 phantoms
  6 necrophages (D:7)
  22 boggarts
  20 centaurs
  26 wolves
  3 big kobolds (Abyss:2)
  2 earth elementals (Elf:3)
  13 bullfrogs
  A wyvern zombie (D:10)
  2 water moccasin zombies
  A wyvern skeleton (D:13)
  2 scorpions
  Dowan (D:5)
  An orc simulacrum (Vaults:1)
  6 killer bees (D:12)
  27 wights
  3 howler monkeys
  An electric eel (Spider:3)
  2 crimson imps
  4 quasits
  21 orc priests
  2 jellies
  7 bullfrog skeletons
  9 hounds
  3 iron imps
  Ijyb (D:3)
  2 centaur skeletons
  Natasha (thrice) (D:3)
  9 iguanas
  20 orc wizards
  17 worker ants
  A killer bee zombie (D:7)
  A hound zombie (D:11)
  A hound skeleton (D:8)
  2 mummies (D:7)
  A worker ant zombie (D:7)
  11 adders
  5 shadow imps
  9 white imps
  6 ufetubi
  3 oozes
  An adder skeleton (D:6)
  2 adder zombies
  2 worms
  4 dart slugs
  5 leopard geckos
  87 orcs
  4 giant cockroaches
  6 hobgoblins
  9 jackals
  10 kobolds
  5 quokkas
  2 ball pythons (D:3)
  7 bats
  2 frilled lizards
  9 goblins
  A leopard gecko skeleton (D:9)
  2 leopard gecko zombies
  2 quokka zombies
  8 rats
  A spectral orc (D:6)
  2 butterflies (Lair:3)
  A lurking horror (Abyss:5)
1993 creatures vanquished.

Vanquished Creatures (collateral kills)
  A tentacled monstrosity (Vaults:4)
  4 vault wardens
  3 deep elf sorcerers (Elf:3)
  A fire giant (Depths:4)
  2 deep elf elementalists
  2 ironheart preservers
  2 stone giants
  2 very ugly things
  A deep elf death mage (Vaults:5)
  2 fire dragons
  2 yaktaur captains
  4 ettins
  A fire dragon (shapeshifter) (Elf:1)
  4 vault guards
  A great orb of eyes (Depths:4)
  A spriggan air mage (Depths:4)
  4 hydras
  A boulder beetle (Vaults:4)
  3 two-headed ogres
  3 deep troll shamans
  2 deep troll earth magi
  2 deep elf knights (Elf:3)
  A spriggan berserker (Swamp:4)
  2 iron trolls (Depths:3)
  A glowing orange brain (Depths:5)
  5 deep trolls
  A death drake (shapeshifter) (Depths:4)
  An ironbrand convoker (Vaults:3)
  2 necromancers
  A swamp dragon (Swamp:4)
  2 orc knights
  7 orb spiders
  3 ugly things
  7 deep elf magi
  2 wolf spiders (Spider:1)
  An elephant (shapeshifter) (Elf:1)
  An orc sorcerer (Vaults:4)
  A will-o-the-wisp (Swamp:1)
  3 elephants
  A black mamba (Lair:4)
  A cane toad (Lair:3)
  A vault sentinel (Vaults:5)
  2 demonic crawlers (Spider:1)
  7 yaktaurs
  A komodo dragon (Lair:6)
  A freezing wraith (Vaults:5)
  A rime drake (Lair:2)
  A jumping spider (Spider:1)
  A polar bear (Lair:6)
  2 slime creatures (Vaults:3)
  3 blink frogs (Lair:3)
  A dream sheep (shapeshifter) (Elf:1)
  2 tarantellas
  2 water elementals (Depths:4)
  14 redbacks
  8 yaks
  A spriggan (Lair:6)
  An orc warrior (Vaults:4)
  A swamp drake (Swamp:4)
  A black bear (Lair:6)
  A tengu (shapeshifter) (Depths:2)
  An ogre (Vaults:4)
  A centaur (shapeshifter) (Elf:1)
  2 electric eels (Lair:3)
  A bullfrog skeleton (D:6)
  4 orcs
  A jackal (D:1)
  2 butterflies
155 creatures vanquished.

Vanquished Creatures (others)
  A deep elf blademaster (Elf:3)
  A deep elf high priest (Elf:3)
  A vault guard (Vaults:5)
  A rakshasa (Vaults:3)
  A spriggan air mage (Depths:4)
  A dancing weapon (Elf:2)
  A deep elf knight (Elf:3)
  2 deep elf magi
  A jumping spider (Spider:2)
  3 bloated husks
  A hornet (Depths:3)
  A small abomination (Abyss:5)
  4 humans (Lair:5)
  A yak (Lair:5)
  A fire bat (Abyss:3)
  A naga (shapeshifter) (Depths:4)
  A swamp worm (Swamp:4)
  A floating eye (Depths:4)
  A white imp (IceCv)
  4 ufetubi (IceCv)
  An orc (D:15)
  A butterfly (Lair:3)
  46 foxfires
  140 fungi
  4 lurking horrors
  248 plants
  7 starspawn tentacles
476 creatures vanquished.

Grand Total: 2624 creatures vanquished

Notes
Turn   | Place    | Note
-------+----------+-------------------------------------------
     0 | D:1      | raph the Human Necromancer began the quest for the Orb.
     0 | D:1      | Reached XP level 1. HP: 13/13 MP: 3/3
    31 | D:1      | Learned a level 1 spell: Animate Skeleton
   569 | D:1      | Reached XP level 2. HP: 15/19 MP: 0/5
  1568 | D:1      | Reached XP level 3. HP: 23/24 MP: 4/6
  1875 | D:1      | Learned a level 3 spell: Vampiric Draining
  1877 | D:2      | Noticed a phantom
  2158 | D:2      | Found a sparkling altar of Nemelex Xobeh.
  3259 | D:2      | Reached XP level 4. HP: 26/30 MP: 3/7
  3812 | D:3      | Noticed Sigmund
  4232 | D:3      | Reached XP level 5. HP: 32/35 MP: 6/8
  4255 | D:3      | Learned a level 4 spell: Animate Dead
  4363 | D:3      | Noticed Natasha
  4370 | D:3      | Killed Natasha
  4371 | D:3      | Reached skill level 5 in Necromancy
  4871 | D:3      | Noticed Natasha
  4942 | D:3      | Killed Natasha
  5286 | D:3      | Noticed Natasha
  5309 | D:3      | Killed Natasha
  5310 | D:3      | Reached XP level 6. HP: 5/41 MP: 0/10
  5794 | D:3      | Noticed Ijyb
  5889 | D:3      | Killed Ijyb
  6332 | D:4      | Reached skill level 1 in Armour
  6955 | D:4      | Reached XP level 7. HP: 46/46 MP: 4/11
  8282 | D:5      | Entered Level 5 of the Dungeon
  8301 | D:5      | Found a blossoming altar of Fedhas.
  8830 | D:5      | Reached XP level 8. HP: 51/52 MP: 13/13
  8840 | D:5      | Noticed Dowan
  8863 | D:5      | Found a bloodstained altar of Trog.
  8867 | D:5      | Noticed Edmund
  8877 | D:5      | Killed Edmund
  8878 | D:5      | Reached skill level 1 in Shields
  9240 | D:5      | Killed Dowan
  9244 | D:5      | Noticed Duvessa
  9275 | D:5      | Killed Duvessa
  9276 | D:5      | Reached skill level 1 in Fighting
  9387 | D:5      | Learned a level 2 spell: Blink
  9588 | D:5      | Found a staircase to the Ecumenical Temple.
  9597 | Temple   | Entered the Ecumenical Temple
  9729 | Temple   | Became a worshipper of Kikubaaqudgha
 10368 | D:6      | Reached skill level 1 in Short Blades
 10559 | D:6      | Found a broken altar of Ashenzari.
 10559 | D:6      | Found an ornate altar of the Wu Jian Council.
 10619 | D:6      | Found a basalt altar of Yredelemnul.
 10814 | D:5      | Reached XP level 9. HP: 60/61 MP: 15/15
 11601 | D:3      | Killed Sigmund
 11825 | D:7      | Learned a level 5 spell: Agony
 12036 | D:7      | Got a faintly glowing short sword
 12037 | D:7      | Identified the +5 short sword "Jellybane" {flame, rPois
                  | Will+ Str+6 Int-5} (You found it on level 7 of the Dungeon)
 12088 | D:7      | Reached * piety under Kikubaaqudgha
 12088 | D:7      | Identified Kikubaaqudgha's Compendium of Stolen Souls
                  | (Kikubaaqudgha gifted it to you on level 7 of the Dungeon)
 12088 | D:7      | Received a gift from Kikubaaqudgha
 12484 | D:7      | Reached skill level 5 in Dodging
 12841 | D:7      | Reached ** piety under Kikubaaqudgha
 13060 | D:7      | Reached XP level 10. HP: 70/70 MP: 17/17
 13225 | D:7      | Reached skill level 5 in Spellcasting
 13501 | D:7      | Found a glowing silver altar of Zin.
 13513 | D:7      | Found an iron altar of Okawaru.
 13711 | D:8      | Noticed Joseph
 14003 | D:8      | Learned a level 3 spell: Dazzling Flash
 14094 | D:8      | Killed Joseph
 14095 | D:8      | Reached skill level 1 in Conjurations
 14095 | D:8      | Reached skill level 1 in Hexes
 14720 | D:8      | Found a snail-covered altar of Cheibriados.
 15326 | D:9      | Found a burning altar of Makhleb.
 15514 | D:9      | Reached skill level 5 in Short Blades
 16542 | D:9      | Reached XP level 11. HP: 68/74 MP: 9/19
 16734 | D:9      | Reached *** piety under Kikubaaqudgha
 16734 | D:9      | Identified Kikubaaqudgha's Almanac of Unholy Rituals
                  | (Kikubaaqudgha gifted it to you on level 9 of the Dungeon)
 16734 | D:9      | Received a gift from Kikubaaqudgha
 16933 | D:9      | Found a hide-covered altar of Uskayaw.
 16938 | D:9      | Found a shadowy altar of Dithmenos.
 16995 | D:9      | Found a radiant altar of Vehumet.
 17077 | D:10     | Entered Level 10 of the Dungeon
 17086 | D:10     | Got a pair of faintly humming gloves
 17092 | D:10     | Identified the +3 pair of gloves "Doest" {rElec rPois} (You
                  | found it on level 10 of the Dungeon)
 17471 | D:10     | Found a staircase to the Orcish Mines.
 18388 | D:10     | Noticed a cyclops
 18390 | D:10     | Noticed a purple ugly thing
 18464 | D:11     | Found a staircase to the Lair.
 18467 | D:11     | Noticed an oklob plant
 18579 | D:11     | Noticed an unseen horror
 18592 | D:11     | Killed an unseen horror
 18936 | D:11     | Noticed a death knight
 18936 | D:11     | Noticed a skeletal warrior
 18936 | D:11     | Noticed a phantasmal warrior
 18954 | Lair:1   | Entered Level 1 of the Lair of Beasts
 19305 | Lair:1   | Reached **** piety under Kikubaaqudgha
 19306 | Lair:1   | Reached skill level 5 in Fighting
 19640 | Lair:1   | Reached skill level 10 in Necromancy
 20140 | Lair:2   | Noticed Erica
 20154 | Lair:2   | Killed Erica
 20155 | Lair:2   | Reached XP level 12. HP: 64/86 MP: 1/22
 20255 | Lair:2   | Learned a level 5 spell: Borgnjor's Vile Clutch
 20343 | Lair:1   | Reached skill level 1 in Earth Magic
 20685 | Lair:2   | Found a staircase to the Swamp.
 20687 | Lair:2   | Noticed Nergalle
 20964 | Lair:2   | Killed Nergalle
 22279 | Lair:3   | Found a snail-covered altar of Cheibriados.
 22614 | Lair:3   | Noticed an eight-headed hydra
 22623 | Lair:3   | Killed an eight-headed hydra
 22749 | Lair:3   | Noticed an eight-headed hydra
 22760 | Lair:3   | Found a hole to the Spider Nest.
 23369 | Lair:3   | Reached XP level 13. HP: 71/93 MP: 2/24
 23991 | Lair:3   | Killed an eight-headed hydra
 24021 | Lair:3   | Reached skill level 5 in Earth Magic
 25842 | Lair:4   | Noticed an eight-headed hydra
 25849 | Lair:4   | Killed an eight-headed hydra
 26487 | Lair:4   | Noticed Rupert
 26500 | Lair:4   | Killed Rupert
 27118 | Lair:4   | Noticed a dire elephant
 27269 | Lair:4   | Noticed a four-headed hydra
 27282 | Lair:4   | Killed a four-headed hydra
 27532 | Lair:4   | You fall into a shaft and drop 2 floors!
 27532 | Lair:6   | Entered Level 6 of the Lair of Beasts
 27594 | Lair:4   | Reached XP level 14. HP: 103/103 MP: 12/26
 27681 | Lair:4   | Reached skill level 10 in Short Blades
 28438 | Lair:3   | Killed a dire elephant
 29729 | Lair:5   | Noticed Kirke
 29745 | Lair:5   | Killed Kirke
 30085 | Lair:5   | Reached ***** piety under Kikubaaqudgha
 31844 | D:11     | Learned a level 4 spell: Dispel Undead
 31893 | D:11     | Reached XP level 15. HP: 43/112 MP: 14/28
 32198 | D:10     | Identified the Tome of Earth and Moulding
 32203 | D:10     | Learned a level 2 spell: Passwall
 32456 | Orc:1    | Entered Level 1 of the Orcish Mines
 32763 | Orc:2    | Entered Level 2 of the Orcish Mines
 32763 | Orc:2    | Found Astreu Uken's Gadget Shop.
 32770 | Orc:2    | Bought a condenser vane for 520 gold pieces
 33654 | Orc:2    | Bought a wand of acid (8) for 312 gold pieces
 33654 | Orc:2    | Bought a wand of iceblast (7) for 143 gold pieces
 33675 | Orc:2    | Found a transporter.
 33681 | Orc:2    | Noticed diana's ghost (journeyman DsGl)
 33810 | Orc:2    | Found a transporter.
 33842 | Orc:2    | Found a staircase to the Elven Halls.
 34095 | Orc:2    | Found Void's Antique Weapon Emporium.
 34697 | Orc:2    | Reached skill level 1 in Evocations
 35165 | Orc:2    | Found Humymn's Magic Scroll Boutique.
 35171 | Orc:2    | Bought a scroll of blinking for 97 gold pieces
 35171 | Orc:2    | Found Zesimun's Magic Scroll Boutique.
 35173 | Orc:2    | Found Neotumiefe's Magic Scroll Emporium.
 35179 | Orc:2    | Bought 3 scrolls of identify for 90 gold pieces
 35182 | Orc:2    | Bought a scroll of amnesia for 35 gold pieces
 35184 | Orc:2    | Bought a scroll of blinking for 112 gold pieces
 36891 | D:11     | Found the +4 Cigotuvi's embrace {rMiasma *Drain rN+}
 37183 | D:12     | Found a frozen archway.
 37208 | D:12     | Reached ****** piety under Kikubaaqudgha
 37252 | IceCv    | Entered an ice cave
 37354 | D:12     | Identified a +2 rapier of pain (a +0 rapier of protection
                  | bloodied by Kikubaaqudgha)
 37354 | D:12     | Received a gift from Kikubaaqudgha
 37541 | D:12     | Noticed Jorgrun
 37770 | D:12     | Killed Jorgrun
 37771 | D:12     | Reached skill level 10 in Earth Magic
 38065 | D:12     | Learned a level 6 spell: Death Channel
 38779 | D:12     | You fall into a shaft and drop 3 floors!
 38779 | D:15     | Entered Level 15 of the Dungeon
 38804 | D:15     | Reached skill level 10 in Dodging
 39238 | D:15     | Found a staircase to the Depths.
 39331 | D:15     | Reached XP level 16. HP: 104/120 MP: 25/29
 40160 | D:14     | Found a flagged portal.
 40177 | Bailey   | Entered a bailey
 40800 | D:14     | Reached skill level 10 in Spellcasting
 41344 | D:13     | Noticed Gonodgh's ghost (journeyman MiFi)
 41347 | D:13     | Found a runed translucent door.
 41685 | D:13     | Found a gate to the Vaults.
 42176 | D:13     | Got a transparent platinum ring
 42178 | D:13     | Identified the ring "Buffem" {rC+ Stlth-} (You found it on
                  | level 13 of the Dungeon)
 42390 | D:13     | Found a white marble altar of Elyvilon.
 43509 | Orc:2    | Bought a scroll of enchant armour for 112 gold pieces
 43509 | Orc:2    | Bought a scroll of magic mapping for 52 gold pieces
 43515 | Orc:2    | Bought a scroll of summoning for 142 gold pieces
 43527 | Orc:2    | Bought a scroll of blinking for 75 gold pieces
 43990 | Orc:2    | Killed diana's ghost
 44034 | Orc:2    | Got a crude hat
 44045 | Orc:2    | Identified the +2 hat of the Moneychanger {+Blink rF-
                  | rN+++} (You found it on level 2 of the Orcish Mines)
 44959 | Lair:3   | Got a twitching granite ring
 45151 | Lair:3   | Identified the ring "Zomol" {rF+ rC+ rN++ Int-5 SInv} (You
                  | found it on level 3 of the Lair of Beasts)
 45678 | Lair:6   | Reached XP level 17. HP: 117/127 MP: 5/31
 45709 | Lair:6   | Reached skill level 10 in Fighting
 45922 | Lair:6   | Reached skill level 5 in Evocations
 46280 | Lair:6   | Found a viscous altar of Jiyva.
 46280 | Lair:6   | Found a staircase to the Slime Pits.
 46308 | Lair:6   | Found a snail-covered altar of Cheibriados.
 47154 | Lair:6   | Identified the Almanac of Noxious Orientation
 47866 | Swamp:1  | Entered Level 1 of the Swamp
 48031 | Swamp:1  | Reached skill level 15 in Necromancy
 48903 | Swamp:1  | Learned a level 6 spell: Iron Shot
 50033 | Swamp:2  | Reached skill level 5 in Stealth
 50047 | Swamp:2  | Got a smoking lapis lazuli ring
 50049 | Swamp:2  | Identified the ring of Royalty {Fire +Fly rPois} (You found
                  | it on level 2 of the Swamp)
 50374 | Swamp:2  | Reached skill level 5 in Conjurations
 51321 | Swamp:2  | Found a runed translucent door.
 51324 | Swamp:2  | Identified the +7 trident of Sloth {flame, rElec}
 51326 | Swamp:2  | Noticed Uproi's ghost (adept NaFi)
 52453 | Swamp:3  | Reached XP level 18. HP: 113/135 MP: 16/32
 52841 | Swamp:3  | Found a hazy altar of Hepliaklqana.
 53865 | Spider:1 | Entered Level 1 of the Spider Nest
 54274 | Spider:1 | Identified the -7 pair of gloves of Zeotel {rElec rC++}
                  | (You found it on level 1 of the Spider Nest)
 54627 | Spider:1 | Found a transporter.
 54631 | Spider:1 | Found a transporter.
 54644 | Spider:1 | Got the +2 pair of boots of Juowor {rampage, Str+3 Dex+3}
 57529 | Spider:3 | Noticed Asterion
 57535 | Spider:3 | Noticed an Executioner
 58507 | Spider:3 | Killed Asterion
 59115 | Swamp:4  | Entered Level 4 of the Swamp
 59292 | Swamp:4  | Reached XP level 19. HP: 137/140 MP: 24/33
 59674 | Swamp:4  | Noticed Donald
 60255 | Swamp:4  | Killed Donald
 60485 | Swamp:4  | Learned a level 2 spell: Sublimation of Blood
 61861 | Orc:2    | Bought a scroll of blinking for 97 gold pieces
 61861 | Orc:2    | Bought a scroll of blinking for 97 gold pieces
 61861 | Orc:2    | Bought a scroll of fear for 45 gold pieces
 61871 | Orc:2    | Bought a scroll of magic mapping for 35 gold pieces
 61871 | Orc:2    | Bought a scroll of fog for 20 gold pieces
 61871 | Orc:2    | Bought a scroll of fog for 20 gold pieces
 62960 | Swamp:4  | Found the +0 mask of the Dragon {Will+ Slay+3 SInv}
 63140 | Swamp:4  | Got a decaying rune of Zot
 63559 | Vaults:1 | Entered Level 1 of the Vaults
 63563 | Vaults:1 | Found Farrella's Distillery.
 63651 | Vaults:1 | Bought 2 potions of heal wounds for 110 gold pieces
 63651 | Vaults:1 | Bought a potion of brilliance for 44 gold pieces
 64925 | Vaults:1 | Reached XP level 20. HP: 149/149 MP: 24/35
 65463 | Vaults:1 | Found a transporter.
 65463 | Vaults:1 | Noticed a tentacled monstrosity
 65464 | Vaults:1 | Found the amulet of the Four Winds {rN+ Will+++ Clar}
 65486 | Vaults:1 | Found a transporter.
 66332 | Vaults:2 | Got a brightly glowing silver amulet
 66333 | Vaults:2 | Identified the amulet of the Dancing Ancients {Regen+
                  | Int+2} (You found it on level 2 of the Vaults)
 66717 | Vaults:2 | Found a staircase to the Crypt.
 66858 | Vaults:2 | Reached skill level 10 in Stealth
 69013 | Vaults:3 | Found Upuef's Antique Armour Shop.
 69017 | Vaults:3 | Reached XP level 21. HP: 157/157 MP: 27/37
 69758 | Vaults:3 | Reached skill level 5 in Armour
 71624 | Vaults:4 | Found a transporter.
 71694 | Vaults:4 | Found a transporter.
 72525 | Vaults:4 | Got a clouded pewter ring
 72526 | Vaults:4 | Identified the ring of Leuriar {+Fly rF+ Will+ Stlth+} (You
                  | found it on level 4 of the Vaults)
 72541 | Vaults:4 | Got a vibrating amber ring
 72542 | Vaults:4 | Identified the ring of Free Expression {rC+ Int+4 Dex-3
                  | Stlth-} (You found it on level 4 of the Vaults)
 73893 | D:13     | Killed Gonodgh's ghost
 74169 | Elf:1    | Entered Level 1 of the Elven Halls
 74464 | Elf:1    | Reached XP level 22. HP: 96/165 MP: 26/38
 75556 | Elf:1    | Found a transporter.
 75573 | Elf:1    | Noticed Mayja's ghost (veteran DDBe)
 75899 | Elf:1    | Found a transporter.
 77043 | Elf:2    | Noticed Agnes
 77052 | Elf:2    | Killed Agnes
 77592 | Elf:2    | Got a heavily runed turquoise ring
 77694 | Elf:2    | Identified the ring of Qeul {rPois Int+4 SInv} (You found
                  | it on level 2 of the Elven Halls)
 77728 | Elf:2    | Found a huge runed translucent gate.
 77728 | Elf:2    | Found a huge runed translucent gate.
 77729 | Elf:2    | Found a huge runed translucent gate.
 77730 | Elf:2    | Found a huge runed translucent gate.
 77765 | Elf:2    | Found a huge runed translucent gate.
 79357 | Elf:3    | Entered Level 3 of the Elven Halls
 80285 | Elf:3    | Reached XP level 23. HP: 175/175 MP: 23/40
 81147 | Elf:3    | Identified the ring of the Failed Coup {Fire rN+ SInv}
 81151 | Elf:3    | Identified the ring of the Doge {*Tele rN++}
 82098 | Elf:3    | Identified the Almanac of Supportive Attacks
 82115 | Elf:3    | Identified the +5 broad axe of the People {distort, rC+
                  | Int+4}
 82130 | Elf:3    | Identified the +6 long sword of the Ageless Eyes {protect,
                  | *Drain rF+ Str+3}
 82130 | Elf:3    | Identified the +8 ice dragon scales of Hedging {rF- rC++
                  | Str+2 Stlth+}
 82130 | Elf:3    | Identified the amulet of Yzehoiz {RegenMP *Contam rElec
                  | Slay+5}
 82164 | Elf:3    | Identified the cursed +0 rapier "Gedag" {flame, *Contam
                  | +Fly rPois rF++}
 82762 | Elf:3    | Found the +8 storm bow {elec, penet}
 82781 | Elf:3    | Identified the Incunabulum of the Mountains and Summoning
 82801 | Elf:3    | Identified the +3 helmet "Cokoj" {SInv} (You found it on
                  | level 3 of the Elven Halls)
 82840 | Elf:3    | Learned a level 5 spell: Lee's Rapid Deconstruction
 83419 | Vaults:1 | Got a pitted jade ring
 83501 | Vaults:1 | Identified the ring "Vyoqick" {Ice rPois rN+} (You found it
                  | on level 1 of the Vaults)
 84113 | Swamp:2  | Killed Uproi's ghost
 84612 | Depths:1 | Entered Level 1 of the Depths
 85445 | Depths:1 | Found a one-way gate leading to the halls of Pandemonium.
 85521 | Depths:1 | Noticed Mara
 85529 | Depths:1 | Noticed raph's illusion
 85537 | Depths:1 | Noticed raph's illusion
 86064 | Depths:2 | Found a gateway to Hell.
 86081 | Depths:2 | Noticed a caustic shrike
 86087 | Depths:2 | Killed a caustic shrike
 86229 | Depths:2 | Found Odaykh's General Store.
 86237 | Depths:2 | Bought a scroll of magic mapping for 73 gold pieces
 86836 | Depths:2 | Paralysed by a floating eye for 3 turns
 86937 | Depths:2 | Reached XP level 24. HP: 170/185 MP: 31/41
 86948 | Depths:2 | Paralysed by a floating eye for 4 turns
 89394 | Depths:3 | Identified the +8 halberd of a bailey {protect, Str+3}
 90605 | Depths:3 | Reached XP level 25. HP: 193/193 MP: 41/41
 90638 | Depths:3 | Found a one-way gate to the infinite horrors of the Abyss.
 90694 | Depths:3 | Reached skill level 15 in Dodging
 91588 | Depths:3 | Reached skill level 15 in Fighting
 91811 | Depths:4 | Found a gateway to a ziggurat.
 92128 | Depths:4 | Noticed Sojobo
 92577 | Depths:4 | Killed Sojobo
 93376 | Depths:5 | Entered Level 5 of the Depths
 93521 | Depths:4 | Found Cuojokay's Antique Weapon Shop.
 94115 | Depths:4 | Reached XP level 26. HP: 202/202 MP: 41/41
 95287 | Depths:4 | Identified the +3 glaive of the Other Side {spect, Will+}
 95472 | Depths:4 | Identified the +3 glaive of the Other Side {spect, Will+}
 95472 | Depths:4 | Identified the +3 glaive of the Other Side {spect, Will+}
 95598 | Depths:4 | Noticed a juggernaut
 95764 | Depths:5 | Killed a juggernaut
 95966 | Depths:4 | Paralysed by a floating eye for 4 turns
 97001 | Depths:4 | Reached skill level 15 in Earth Magic
 97012 | Depths:4 | Paralysed by a floating eye for 4 turns
 99606 | Depths:5 | Reached XP level 27. HP: 203/211 MP: 37/41
100577 | Depths:5 | Found a gate to the Realm of Zot.
102174 | Depths:5 | Noticed an ancient lich
102184 | Depths:5 | Killed an ancient lich
103901 | Elf:1    | Killed Mayja's ghost
103935 | Elf:1    | Got a crude tin amulet
103936 | Elf:1    | Identified the amulet of Yzxirowk {Spirit rC+} (You found
                  | it on level 1 of the Elven Halls)
105777 | Depths:3 | Voluntarily entered the Abyss.
106101 | Abyss:2  | Found a corrupted altar of Lugonu.
106564 | Abyss:3  | Found a corrupted altar of Lugonu.
106754 | Abyss:3  | Learned a level 9 spell: Shatter
106950 | Abyss:3  | Paralysed by accursed screaming for 1 turns
107223 | Depths:3 | Escaped the Abyss
107979 | Vaults:5 | Entered Level 5 of the Vaults
107991 | Vaults:5 | Noticed an ancient lich
108010 | Vaults:5 | Killed an ancient lich
108590 | Vaults:5 | Noticed Jory
108592 | Vaults:5 | Noticed an ancient lich
109030 | Vaults:3 | Killed Jory
110879 | Vaults:5 | Noticed an ancient lich
110890 | Vaults:4 | Cast into level 5 of the Abyss (an ancient lich)
110890 | Abyss:5  | Entered Level 5 of the Abyss
111507 | Abyss:5  | HP: 3/214 [tentacled starspawn (15)]
111509 | Abyss:5  | Mangled by a tentacled starspawn

Illustrated notes

Levels and vault maps discovered:
D:1:      dpeg_arrival_circle_labyrinth_c, layout_loops_corners,
          minmay_fountain_box, chequers_serial_rivers_micro_d
D:2:      layout_loops_ring, lemuel_coloured_pillars_altar
D:3:      layout_loops_ring, uniq_sigmund, uniq_natasha, uniq_ijyb
D:4:      layout_cave_pools
D:5:      layout_gridville, lemuel_doored_altar, minmay_temple_entry_large_hall,
          eino_tiny_chamber, fedhas_bush_and_centaur_altar, uniq_edmund,
          uniq_duvessa
D:6:      layout_basic, yredelemnul_forgotten_temple_becter,
          gammafunk_temple_overflow_wave
D:7:      layout_basic, amethyst_overflow_temple_binary, serial_undead,
          serial_undead_d, serial_undead_d, serial_undead_c, serial_undead_d,
          serial_undead_e, serial_undead_b, grunt_tough_drop
D:8:      layout_loops_ring, nicolae_overflow_crystal_walls, uniq_joseph
D:9:      layout_roguey, nicolae_overflow_hidden_temple, kennysheep_mini,
          gammafunk_temple_overflow_statue
D:10:     minmay_tri_box, layout_irregular_city, david_orc_3,
          minmay_starry_boxes
D:11:     layout_roguey, dpeg_oklobed_lair
D:12:     minmay_cornered_nines, layout_irregular_city,
          portal_ice_cave_entry_animals_and_master, uniq_jorgrun
D:13:     layout_basic, grunt_vaults_entry_tiered,
          hellmonk_ghost_happy_afterlife, basic_altar
D:14:     layout_rooms, enter_bailey_5
D:15:     grunt_enter_depths_hoard, layout_rooms, minmay_misc_feat_encased
Temple:   nicolae_temple_figure_zero
Lair:1:   layout_roguey, zaba_anthole
Lair:2:   layout_roguey, minmay_swamp_entry_wisps,
          hangedman_lair_unloving_vines, serial_bayou_pond_d, uniq_nergalle,
          uniq_erica
Lair:3:   layout_regular_city, spider_nest_entry_web_field, lemuel_oklob_altar,
          serial_bayou_shore_a, lemuel_fruit_fields, serial_bayou_shore_b,
          minmay_lair_oklob_chamber
Lair:4:   mu_elephants_graveyard, layout_long_grid, serial_bayou_ford_a,
          st_stairs_9, beast_lair_carwin_5, uniq_rupert
Lair:5:   beast_lair_carwin_large_3, layout_cave_pods, uniq_kirke
Lair:6:   minmay_lair_end_enchanted_forest, layout_hall_layers,
          dpeg_slime_entry_enclosed_altar, st_stairs_4,
          chequers_serial_rivers_small_a, chequers_serial_rivers_small_b,
          minivault_19, kennysheep_snail_temple
Swamp:1:  layout_basic_swamp, evilmike_swamp_ruin_house_6, swamp_pool5,
          cheibrodos_swamp_pet_leeches
Swamp:2:  layout_basic_swamp, ebering_ghost_funeral_grove,
          evilmike_swamp_ruin_house_5, swamp_pool1
Swamp:3:  layout_basic_swamp, nicolae_swamp_stair_fork, swamp_pool3,
          nicolae_swamp_godswood
Swamp:4:  swamp_basic_johnstein, layout_basic_swamp, swamp_pool4, uniq_donald
Spider:1: gammafunk_boulding_lane
Spider:2: layout_spider_delve
Spider:3: layout_spider_delve, uniq_asterion
Orc:1:    layout_caves
Orc:2:    st_orc_elflike, layout_caves, serial_shops, shop,
          gammafunk_ghost_berserking_beasts
Elf:1:    minmay_elf_arrival_summoners, layout_loops_corners,
          gammafunk_ghost_berserking_beasts, hangedman_elf_represent
Elf:2:    layout_loops_cross, eino_tiny_chamber, guppyfry_elf_garden, uniq_agnes
Elf:3:    minmay_elf_hall_furrowed, layout_onion_city, minmay_elf_sorcery
Vaults:1: ontoclasm_vaults_bender, nicolae_vaults_big_ls,
          hangedman_vaults_slice, gammafunk_sealed_arena,
          vaults_room_grunt_arrival_checkpoint, v_misc_16, v_rooms_3, v_rooms_5,
          vaults_room_boxed, vaults_room_fancy_cross, vaults_dpeg_diagonal,
          layout_vaults_maze_bifur, serial_shops, nicolae_shop_trees
Vaults:2: minmay_crypt_entry_simple_box, nicolae_vaults_ring_of_whatevers,
          nicolae_vaults_network_barrier, ontoclasm_vaults_loading_screen,
          nicolae_vaults_statue_guard, v_misc_13,
          ontoclasm_vaults_decontamination, vaults_dpeg_encased_lava,
          ontoclasm_vaults_pinch, layout_vaults_omnigrid
Vaults:3: vaults_mumra_chevron_long, vaults_room_guarded_vault,
          vaults_room_octagon, v_rooms_2, vaults_room_fours, v_pattern_4,
          vaults_room_semicircle, dpeg_vaults_monster_box,
          nicolae_vaults_little_squares_3, layout_vaults_omnibox, serial_shops,
          shop_statue
Vaults:4: nicolae_vaults_circle_grid_b, nicolae_vaults_puzzle_piece,
          gammafunk_dig_for_victory, ontoclasm_vaults_shuriken,
          nicolae_vaults_ring_of_whatevers, nicolae_vaults_little_squares_4,
          nicolae_vaults_little_squares_1, vaults_dpeg_ring,
          ontoclasm_vaults_ring_square, nicolae_vaults_mini_display_case,
          layout_vaults_chaotic_city
Vaults:5: serial_shops, uniq_jory
Depths:1: layout_basic, hell_entry, pan_entry, ebering_dispersal_statue_hall,
          minmay_crystal_room, grunt_ministairs_13, nicolae_lava_and_water,
          minmay_strange_pillars, doesnt_xom_only_xom, uniq_mara
Depths:2: minmay_shrinking_squares, layout_gridlike, dk_noncrumbling_3,
          rand_demon_pan_entry_8, hell_entry, drop_trap, minivault_15,
          infiniplex_staircase_pool_1, minmay_shop_star
Depths:3: hangedman_arch_fort, layout_basic, abyss_entry, hell_entry, pan_entry
Depths:4: nzn_winding_woodlands_huge [nzn_winding_woodlands_5x15_garden,
          nzn_winding_woodlands_5x15_pockets, nzn_winding_woodlands_5x15_eye,
          nzn_winding_woodlands_5x15_pool, nzn_winding_woodlands_5x15_sawtooth,
          nzn_winding_woodlands_5x15_crooked,
          nzn_winding_woodlands_5x15_river_crossing,
          nzn_winding_woodlands_5x15_zeroes,
          nzn_winding_woodlands_5x15_pathside_ponds,
          nzn_winding_woodlands_5x15_concentric,
          nzn_winding_woodlands_center_triple_pond,
          nzn_winding_woodlands_center_pierced_h,
          nzn_winding_woodlands_15x15_five_gardens], layout_basic,
          enter_ziggurat_f, grunt_pan_entry_zigzag,
          chequers_serial_rivers_micro_a, hell_entry, abyss_entry,
          serial_bayou_pond_c, kennysheep_windowed_goal, uniq_sojobo
Depths:5: hangedman_pleasuredromes, hell_entry
Abyss:5:  base: Spider:3, due_exit_kobolds, nicolae_abyss_rune_left_handed,
          evilmike_abyss_exit_mutagenic

Skill      XL: |  1  2  3  4  5  6  7  8  9 10 11 12 13 14 15 16 17 18 19 20 21 22 23 24 25 26 27 |
---------------+----------------------------------------------------------------------------------+-----
Necromancy     | 5 6 7 8 9 10 11 12 13 14 15 16 17 18 19 20 | 20.2
Stealth        | 3 4 5 7 9 10 11 | 11.6
Dodging        | 3 4 5 6 7 8 9 10 11 12 13 14 15 16 17 | 17.3
Armour         | 1 2 3 4 6 8 9 |  9.5
Spellcasting   | 3 4 5 7 8 9 10 11 12 13 14 | 14.0
Shields        | 3 4 |  4.0
Fighting       | 2 3 4 5 6 7 8 9 10 11 12 13 14 15 16 17 | 17.1
Short Blades   | 1 4 5 7 8 9 10 11 12 13 14 | 14.0
Conjurations   | 3 5 8 |  8.7
Hexes          | 3 |  3.6
Earth Magic    | 4 6 8 10 11 12 13 14 15 20 | 20.1
Evocations     | 3 4 5 7 8 9 |  9.9

Action                   |  1- 3 |  4- 6 |  7- 9 | 10-12 | 13-15 | 16-18 | 19-21 | 22-24 | 25-27 || total
-------------------------+-------+-------+-------+-------+-------+-------+-------+-------+-------++-------
Melee: Dagger            |    54 |    32 |   372 |  1199 |  1052 |       |       |       |       ||  2709
       Rapier            |       |       |       |       |   101 |  1364 |   771 |   707 |  1435 ||  4378
       Staff             |       |       |       |       |       |       |       |    11 |    27 ||    38
       Quick blade       |       |       |       |       |       |       |       |       |    46 ||    46
 Fire: Hunting sling     |       |    22 |    10 |    19 |       |     4 |     3 |       |       ||    58
 Cast: Pain              |    60 |    90 |    40 |    25 |    22 |     6 |     1 |     4 |     2 ||   250
       Animate Skeleton  |     8 |     5 |    10 |     5 |     1 |       |       |       |       ||    29
       Vampiric Draining |       |     9 |    22 |    55 |    52 |    31 |    25 |    23 |    32 ||   249
       Animate Dead      |       |       |     1 |    14 |    32 |       |       |       |       ||    47
       Dazzling Flash    |       |       |       |     1 |     1 |     3 |     1 |       |       ||     6
       Agony             |       |       |       |    12 |    47 |    34 |    68 |    25 |    32 ||   218
       Borgnjor's Vile C |       |       |       |     9 |   159 |   153 |   104 |   140 |   122 ||   687
       Blink             |       |       |       |       |    14 |    23 |     4 |     8 |     9 ||    58
       Dispel Undead     |       |       |       |       |    13 |    18 |    22 |    25 |    67 ||   145
       Death Channel     |       |       |       |       |       |    17 |    29 |    19 |    18 ||    83
       Iron Shot         |       |       |       |       |       |    27 |    31 |    67 |   111 ||   236
       Sublimation of Bl |       |       |       |       |       |       |     2 |       |     2 ||     4
       Passwall          |       |       |       |       |       |       |     5 |     2 |    11 ||    18
       Lee's Rapid Decon |       |       |       |       |       |       |       |    20 |    56 ||    76
Invok: Receive Corpses   |       |       |       |     3 |     5 |     7 |       |     6 |    16 ||    37
       Brand Weapon With |       |       |       |       |     1 |       |       |       |       ||     1
Evoke: Wand              |       |       |       |     7 |    21 |     9 |    23 |     3 |     5 ||    68
       Condenser vane    |       |       |       |       |     1 |     1 |     1 |     1 |     3 ||     7
       Box of beasts     |       |       |       |       |       |       |     1 |       |       ||     1
       Lightning rod     |       |       |       |       |       |       |     1 |     1 |    12 ||    14
  Use: Scroll            |     2 |     7 |     6 |    12 |    12 |    16 |    13 |    15 |     6 ||    89
       Potion            |       |       |       |     2 |     3 |     7 |     1 |     8 |    12 ||    33
 Stab: Sleeping          |     6 |     3 |    10 |    13 |     3 |    12 |    40 |    28 |    15 ||   130
       Distracted        |       |       |       |     2 |     2 |     7 |    13 |     7 |    16 ||    47
       Invisible         |       |       |       |       |       |     1 |     1 |       |       ||     2
Armor: Robe              |    10 |     4 |       |       |       |       |       |       |       ||    14
       Leather armour    |       |    33 |    88 |   201 |   241 |   439 |   123 |   161 |   328 ||  1614
Dodge: Dodged            |    57 |    58 |   273 |   673 |   816 |  1326 |   425 |   428 |  1047 ||  5103
Block: Buckler           |       |       |    65 |   232 |   288 |   696 |   385 |   368 |   810 ||  2844
       Reflection        |       |       |       |       |       |       |    39 |    39 |    36 ||   114
